 Dungeon Crawl Stone Soup version 0.28.0-45-g0d030f2227 (webtiles) character file.

Game seed: 3216016285774631153

9312 Ablot the Thaumaturge (level 11, 0/77 (86) HPs)
             Began as a Gnoll Warper on Mar 30, 2022.
             Was a High Priest of Okawaru.
             Slain by a wyvern (3 damage)
             ... while petrified by a basilisk
             ... on level 9 of the Dungeon.
             The game lasted 00:23:13 (10286 turns).

Ablot the Thaumaturge (Gnoll Warper)               Turns: 10286, Time: 00:23:13

HP:   0/77 (86)     AC: 10    Str: 20    XL:     11   Next: 44%
MP:   23/23         EV:  2    Int: 16    God:    Okawaru [*****.]
Gold: 443           SH:  0    Dex: 17    Spells: 23/26 levels left

rFire   . . .      SeeInvis .   E - +7 staff of the Meek {protect, meekguard}
rCold   . . .      Faith    .   (shield currently unavailable)
rNeg    + + +      Spirit   .   H - +3 ring mail of Mutualism {Fly Int+4 Dex+4}
rPois   ∞          Reflect  .   (no helmet)
rElec   .          Harm     .   j - +0 cloak
rCorr   .          Rampage  .   (no gloves)
Will    .....                   (no boots)
Stlth   +++.......              L - amulet of regeneration
HPRegen 1.02/turn               s - +4 ring of slaying
MPRegen 0.18/turn               C - +6 ring of strength

@: petrified, flying, heavily drained
A: fangs 1, strong nose, distributed training
a: Renounce Religion, Heroism, Finesse, Duel


You were on level 9 of the Dungeon.
You worshipped Okawaru.
Okawaru was extremely pleased with you.
You visited 2 branches of the dungeon, and saw 10 of its levels.
You also visited: Bailey.

You collected 478 gold pieces.
You spent 35 gold pieces at shops.

Inventory:

Hand Weapons
 a - a +0 trident
 E - the +7 staff of the Meek (weapon) {protect, meekguard}
   (You found it on level 6 of the Dungeon)

   It grants its wielder temporary protection when it strikes (+7 to AC).
   It provides extra protection to wielders with little health.
Missiles
 d - 6 boomerangs of dispersal
 e - 196 stones
 h - 176 sling bullets
 l - 6 atropa-tipped darts
 t - 4 javelins
 D - 2 curare-tipped darts
 F - 49 bolts
 G - 10 poisoned darts (quivered)
 J - 84 arrows
 P - 3 boomerangs
Armour
 j - a +0 cloak (worn)
 H - the +3 ring mail of Mutualism (worn) {Fly Int+4 Dex+4}
   (You found it on level 6 of the Dungeon)

   Int:       It affects your intelligence (+4).
   Dex:       It affects your dexterity (+4).
   Fly:       It grants you flight.
Jewellery
 s - a +4 ring of slaying (left hand)
 w - a ring of protection from fire
 y - a ring of protection from fire
 C - a +6 ring of strength (right hand)
 L - an amulet of regeneration (around neck)
Wands
 g - a wand of flame (27)
 O - a wand of polymorph (13)
Scrolls
 c - a scroll of blinking
 f - a scroll of enchant armour {unknown}
 i - 4 scrolls of vulnerability {unknown}
 m - a scroll of amnesia {unknown}
 q - a scroll of fear {unknown}
 u - 5 scrolls of teleportation {unknown}
 z - 2 scrolls of magic mapping {unknown}
 I - 2 scrolls of enchant weapon {unknown}
 K - a scroll of silence {unknown}
Potions
 b - a potion of brilliance
 k - 5 potions of heal wounds
 n - 3 potions of flight
 o - 4 potions of berserk rage
 p - 2 potions of ambrosia
 r - 2 potions of magic
 v - 4 potions of haste
 x - a potion of curing {unknown}
 A - a potion of invisibility
 B - a potion of degeneration {unknown}
 M - 3 potions of mutation {unknown}
 W - 2 potions of might {unknown}
 Y - 4 potions of cancellation
 Z - a potion of resistance


   Skills:
 + Level 8.0 Fighting
 + Level 6.5 Short Blades
 + Level 6.5 Long Blades
 + Level 6.5 Axes
 + Level 6.5 Maces & Flails
 + Level 8.0 Polearms
 + Level 6.5 Staves
 + Level 6.5 Slings
 + Level 6.5 Bows
 + Level 6.5 Crossbows
 + Level 7.0 Throwing
 + Level 7.0 Armour
 + Level 8.0 Dodging
 + Level 6.5 Stealth
 + Level 6.5 Shields
 + Level 6.5 Unarmed Combat
 + Level 8.3 Spellcasting
 + Level 5.3 Conjurations
 + Level 5.3 Hexes
 + Level 5.3 Summonings
 + Level 5.3 Necromancy
 + Level 7.8 Translocations
 + Level 5.3 Transmutations
 + Level 5.3 Fire Magic
 + Level 5.3 Ice Magic
 + Level 5.3 Air Magic
 + Level 5.3 Earth Magic
 + Level 5.3 Poison Magic
 + Level 7.1 Invocations
 + Level 6.5 Evocations


You had 23 spell levels left.
You knew the following spells:

 Your Spells              Type           Power      Damage    Failure   Level
a - Blink                 Tloc           62%        N/A       1%          2
b - Freeze                Ice            92%        1d10      1%          1

Your spell library contained the following spells:

 Spells                   Type           Power      Damage    Failure   Level
 Magic Dart               Conj           92%        1d7       1%          1
 Gell's Gravitas          Tloc           31%        N/A       1%          3
 Lesser Beckoning         Tloc           31%        N/A       1%          3
 Teleport Other           Tloc           31%        N/A       1%          3
 Frozen Ramparts          Ice            46%        1d6       5%          3
 Mephitic Cloud           Conj/Pois/Air  23%        N/A       5%          3
 Hailstorm                Conj/Ice       23%        3d7       19%         4
 Manifold Assault         Tloc           31%        N/A       19%         5
 Call Imp                 Summ           Unusable   N/A       N/A         2

Dungeon Overview and Level Annotations

Branches:
Dungeon (9/15)             Temple (1/1) D:4          Bailey (visited)
   Lair: D:8-11         Orc: D:9-12

Altars:
Ashenzari
Cheibriados
Dithmenos
Elyvilon
Fedhas
Gozag
Hepliaklqana
Kikubaaqudgha
Makhleb
Nemelex Xobeh
Okawaru
Qazlal
Ru
Sif Muna
Trog
Vehumet
Xom
Yredelemnul
The Shining One

Shops:
D:1 (   D:2 (   D:4 (


Innate Abilities, Weirdness & Mutations

You have very sharp teeth.
Your uncanny sense of smell can sniff out nearby items.
Your experience applies equally to all skills.


Message History

The black bear claws you but does no damage. x2
The wyvern bites you.
* * * LOW HITPOINT WARNING * * *
The steam dragon bites you.
* * * LOW HITPOINT WARNING * * *
The steam dragon claws you but does no damage.
The basilisk bites you!
* * * LOW HITPOINT WARNING * * *
The black bear bites you!
* * * LOW HITPOINT WARNING * * *
The black bear claws you but does no damage. x2
The wyvern bites you.
* * * LOW HITPOINT WARNING * * *
The steam dragon bites you.
* * * LOW HITPOINT WARNING * * *
The steam dragon claws you but does no damage.
The basilisk bites you.
* * * LOW HITPOINT WARNING * * *
The wyvern bites you but does no damage.
The black bear bites you.
* * * LOW HITPOINT WARNING * * *
The black bear claws you but does no damage. x2
The wyvern bites you but does no damage.
The steam dragon bites you but does no damage.
The steam dragon claws you but does no damage.
The basilisk bites you but does no damage.
The black bear bites you but does no damage.
The black bear claws you but does no damage. x2
The wyvern bites you.
* * * LOW HITPOINT WARNING * * *
The steam dragon barely misses you. The steam dragon claws you.
* * * LOW HITPOINT WARNING * * *
The basilisk gazes at you. You resist with some effort. The wyvern bites you.
* * * LOW HITPOINT WARNING * * *
The black bear bites you.
* * * LOW HITPOINT WARNING * * *
The black bear claws you but does no damage. x2
The wyvern bites you.
You die...

...........#####.##>
..........##.....##.....
.... #..................
..... #.................
..... #................
..... #............†...
#..##................
#..Dlh...............
#...@lK.#............
....#.###..#............
. # ##..............
##.##..........
#..#.........# ....#.##
...##.. ..# # .##


You could see a basilisk, a steam dragon, a black bear, a wyvern and a kobold.

Vanquished Creatures
  A cyclops (D:8)
  Joseph (D:8)
  A troll (D:9)
  A hornet (D:7)
  2 wyverns
  Grum (D:8)
  2 steam dragons
  A water moccasin (D:6)
  4 orc warriors
  A black bear (D:7)
  2 necrophages
  An ogre (D:4)
  5 wolves
  2 centaurs (D:8)
  2 phantoms
  2 kobold brigands
  A wyvern zombie (D:6)
  3 bullfrogs
  2 scorpions
  A wyvern skeleton (D:7)
  A water moccasin skeleton (D:5)
  2 howler monkeys
  3 centaur zombies
  4 hounds
  A centaur skeleton (D:6)
  A gnoll shaman (D:4)
  3 orc priests
  2 jellies
  2 bullfrog skeletons
  2 iguanas
  Ijyb (D:4)
  4 orc wizards
  A hound skeleton (D:4)
  A howler monkey zombie (D:7)
  14 gnolls
  9 adders
  A shadow imp (D:7)
  An ufetubus (D:5)
  2 worms (D:2)
  4 dart slugs
  33 orcs
  7 endoplasms
  3 giant cockroaches
  3 hobgoblins
  10 jackals
  6 quokkas
  4 ball pythons (D:1)
  3 bats
  2 frilled lizards
  8 goblins
  19 kobolds
  A quokka skeleton (D:3)
  4 rats
198 creatures vanquished.

Vanquished Creatures (others)
  2 fungi (D:9)
  2 plants (D:9)
4 creatures vanquished.

Grand Total: 202 creatures vanquished

Notes
Turn   | Place    | Note
-------+----------+-------------------------------------------
     0 | D:1      | Ablot the Gnoll Warper began the quest for the Orb.
     0 | D:1      | Reached XP level 1. HP: 20/20 MP: 6/6
    18 | D:1      | Found Heycis's Weapon Shoppe.
   133 | D:1      | Reached XP level 2. HP: 23/26 MP: 7/7
   136 | D:1      | Learned a level 2 spell: Blink
   552 | D:1      | Reached XP level 3. HP: 26/31 MP: 9/9
   563 | D:1      | Reached skill level 5 in Spellcasting
  1134 | D:2      | Found an iron altar of Okawaru.
  1145 | D:2      | Became a worshipper of Warmaster Okawaru
  1283 | D:2      | Reached skill level 1 in Invocations
  1473 | D:2      | Reached skill level 1 in Short Blades
  1473 | D:2      | Reached skill level 1 in Long Blades
  1473 | D:2      | Reached skill level 1 in Axes
  1473 | D:2      | Reached skill level 1 in Maces & Flails
  1473 | D:2      | Reached skill level 1 in Staves
  1473 | D:2      | Reached skill level 1 in Slings
  1473 | D:2      | Reached skill level 1 in Bows
  1473 | D:2      | Reached skill level 1 in Crossbows
  1473 | D:2      | Reached skill level 1 in Stealth
  1473 | D:2      | Reached skill level 1 in Shields
  1473 | D:2      | Reached skill level 1 in Unarmed Combat
  1473 | D:2      | Reached skill level 1 in Evocations
  1624 | D:2      | Found Ajaedwul's Antique Weapon Shoppe.
  1705 | D:2      | Reached XP level 4. HP: 32/38 MP: 11/11
  2095 | D:2      | Found a faded altar of an unknown god.
  2502 | D:3      | Found an ancient bone altar of Kikubaaqudgha.
  2552 | D:2      | Learned a level 1 spell: Freeze
  2674 | D:3      | Found a bloodstained altar of Trog.
  2720 | D:3      | Found a stormy altar of Qazlal.
  2917 | D:3      | Reached skill level 1 in Conjurations
  2917 | D:3      | Reached skill level 1 in Hexes
  2917 | D:3      | Reached skill level 1 in Summonings
  2917 | D:3      | Reached skill level 1 in Necromancy
  2917 | D:3      | Reached skill level 1 in Transmutations
  2917 | D:3      | Reached skill level 1 in Fire Magic
  2917 | D:3      | Reached skill level 1 in Ice Magic
  2917 | D:3      | Reached skill level 1 in Air Magic
  2917 | D:3      | Reached skill level 1 in Earth Magic
  2917 | D:3      | Reached skill level 1 in Poison Magic
  3404 | D:3      | Noticed a necrophage
  3427 | D:3      | Killed a necrophage
  3427 | D:3      | Reached * piety under Okawaru
  3428 | D:3      | Reached XP level 5. HP: 10/43 MP: 5/12
  3448 | D:3      | HP: 2/43 [orc priest/divine providence (11)]
  3753 | D:3      | Reached XP level 6. HP: 37/50 MP: 11/13
  4307 | D:4      | Noticed Ijyb
  4407 | D:4      | Reached skill level 5 in Fighting
  4407 | D:4      | Reached skill level 5 in Polearms
  4407 | D:4      | Reached skill level 5 in Dodging
  4732 | D:4      | Killed Ijyb
  4860 | D:4      | Found a staircase to the Ecumenical Temple.
  5034 | D:4      | Noticed a necrophage
  5036 | D:4      | Reached XP level 7. HP: 51/56 MP: 15/15
  5044 | D:4      | Reached ** piety under Okawaru
  5536 | D:4      | Found Bowaohid's Weapon Boutique.
  5544 | D:4      | Bought a +0 trident for 35 gold pieces
  5696 | Temple   | Entered the Ecumenical Temple
  5935 | D:5      | Entered Level 5 of the Dungeon
  6229 | D:5      | Reached XP level 8. HP: 42/63 MP: 16/16
  7359 | D:6      | Found the +7 staff of the Meek {protect, meekguard}
  7413 | D:6      | Reached *** piety under Okawaru
  7533 | D:6      | Identified the +3 ring mail of Mutualism {Fly Int+4 Dex+4}
  7941 | D:6      | Reached XP level 9. HP: 47/69 MP: 18/18
  8699 | D:7      | Noticed a hornet
  8714 | D:7      | Killed a hornet
  8715 | D:7      | Reached skill level 5 in Throwing
  8715 | D:7      | Reached skill level 5 in Armour
  8719 | D:7      | Reached **** piety under Okawaru
  8719 | D:7      | Received a gift from Okawaru
  9040 | D:8      | Noticed Grum
  9041 | D:8      | Reached skill level 5 in Invocations
  9095 | D:7      | Reached XP level 10. HP: 68/77 MP: 20/20
  9293 | D:8      | Reached skill level 5 in Short Blades
  9293 | D:8      | Reached skill level 5 in Long Blades
  9293 | D:8      | Reached skill level 5 in Axes
  9293 | D:8      | Reached skill level 5 in Maces & Flails
  9293 | D:8      | Reached skill level 5 in Staves
  9293 | D:8      | Reached skill level 5 in Slings
  9293 | D:8      | Reached skill level 5 in Bows
  9293 | D:8      | Reached skill level 5 in Crossbows
  9293 | D:8      | Reached skill level 5 in Stealth
  9293 | D:8      | Reached skill level 5 in Shields
  9293 | D:8      | Reached skill level 5 in Unarmed Combat
  9293 | D:8      | Reached skill level 5 in Evocations
  9310 | D:8      | Found a flagged portal.
  9333 | D:8      | Killed Grum
  9337 | Bailey   | Entered a bailey
  9626 | Bailey   | Reached skill level 5 in Conjurations
  9626 | Bailey   | Reached skill level 5 in Hexes
  9626 | Bailey   | Reached skill level 5 in Summonings
  9626 | Bailey   | Reached skill level 5 in Necromancy
  9626 | Bailey   | Reached skill level 5 in Transmutations
  9626 | Bailey   | Reached skill level 5 in Fire Magic
  9626 | Bailey   | Reached skill level 5 in Ice Magic
  9626 | Bailey   | Reached skill level 5 in Air Magic
  9626 | Bailey   | Reached skill level 5 in Earth Magic
  9626 | Bailey   | Reached skill level 5 in Poison Magic
  9626 | Bailey   | Reached XP level 11. HP: 58/58 MP: 20/23
  9804 | D:8      | Identified the +2 robe of Experimentation {*Corrode Str+3
                  | Dex+5}
  9829 | D:8      | Noticed a cyclops
  9831 | D:8      | Noticed Joseph
  9839 | D:8      | Killed a cyclops
  9849 | D:8      | Killed Joseph
  9849 | D:8      | Reached ***** piety under Okawaru
 10285 | D:9      | HP: 3/77 [wyvern (2)]
 10286 | D:9      | Slain by a wyvern

Illustrated notes

Levels and vault maps discovered:
D:1:      eino_arrival_druids_welcome, layout_basic, serial_shops, shop,
          minmay_misc_feat_nine_boxes
D:2:      layout_basic, shapermc_ecumenical_altar_venn, basic_altar,
          serial_shops, shop_fountains
D:3:      minmay_evil_eye, layout_basic, nicolae_kikubaaqudgha_miasma_corner,
          overflow_temple_1_default, mainiacjoe_overflow_boulevard
D:4:      layout_loops_corners, minmay_temple_entry_tees, serial_shops,
          nicolae_shop_bloodbath_and_beyond, kennysheep_crisscross,
          minmay_quantized, uniq_ijyb
D:5:      layout_rooms
D:6:      layout_basic
D:7:      layout_gridville
D:8:      layout_rooms, enter_bailey_6, uniq_grum, uniq_joseph
D:9:      layout_cave_pools, minmay_lair_entry_grove,
          minmay_orc_entry_temple_small, minmay_tree_intersection,
          minmay_misc_feat_room
Temple:   eino_temple_scatter_basement

Skill      XL: |  1  2  3  4  5  6  7  8  9 10 11 |
---------------+----------------------------------+-----
Spellcasting   | 5 6 7 8 |  8.3
Invocations    | 1 2 3 4 5 6 7 |  7.1
Short Blades   | 1 2 3 4 6 |  6.5
Long Blades    | 1 2 3 4 6 |  6.5
Axes           | 1 2 3 4 6 |  6.5
Maces & Flails | 1 2 3 4 6 |  6.5
Staves         | 1 2 3 4 6 |  6.5
Slings         | 1 2 3 4 6 |  6.5
Bows           | 1 2 3 4 6 |  6.5
Crossbows      | 1 2 3 4 6 |  6.5
Stealth        | 1 2 3 4 6 |  6.5
Shields        | 1 2 3 4 6 |  6.5
Unarmed Combat | 1 2 3 4 6 |  6.5
Evocations     | 1 2 3 4 6 |  6.5
Conjurations   | 1 2 3 4 5 |  5.3
Hexes          | 1 2 3 4 5 |  5.3
Summonings     | 1 2 3 4 5 |  5.3
Necromancy     | 1 2 3 4 5 |  5.3
Transmutations | 1 2 3 4 5 |  5.3
Fire Magic     | 1 2 3 4 5 |  5.3
Ice Magic      | 1 2 3 4 5 |  5.3
Air Magic      | 1 2 3 4 5 |  5.3
Earth Magic    | 1 2 3 4 5 |  5.3
Poison Magic   | 1 2 3 4 5 |  5.3
Throwing       | 3 4 5 6 7 |  7.0
Armour         | 3 4 5 6 7 |  7.0
Fighting       | 5 6 7 8 |  8.0
Polearms       | 5 6 7 8 |  8.0
Dodging        | 5 6 7 8 |  8.0
Translocations | 6 7 |  7.8

Action                   |  1- 3 |  4- 6 |  7- 9 | 10-12 || total
-------------------------+-------+-------+-------+-------++-------
Melee: Spear             |   159 |   211 |    32 |       ||   402
       Bite              |    17 |    14 |    33 |    19 ||    83
       Punch             |       |     7 |     2 |       ||     9
       Trident           |       |       |    70 |       ||    70
       Quarterstaff      |       |       |   127 |   123 ||   250
Throw: Javelin           |       |     4 |     6 |       ||    10
       Stone             |       |     1 |       |       ||     1
       Dart              |       |     3 |    12 |       ||    15
       Boomerang         |       |     1 |       |       ||     1
 Cast: Freeze            |       |    10 |     7 |       ||    17
       Blink             |       |       |     2 |       ||     2
Invok: Heroism           |       |     1 |     3 |     1 ||     5
Evoke: Wand              |       |       |     3 |       ||     3
  Use: Scroll            |       |       |       |     8 ||     8
       Potion            |       |       |       |     1 ||     1
 Stab: Sleeping          |     1 |     1 |     1 |    10 ||    13
Armor: Leather armour    |    26 |    45 |    22 |       ||    93
       Ring mail         |       |       |    72 |    74 ||   146
Dodge: Dodged            |    50 |   104 |   207 |   121 ||   482
